 Dungeon Crawl Stone Soup version 0.24-a0-251-g44e327ef01 (webtiles) character file.

Game seed: 9145817947095471915

74 Redear the Shield-Bearer (level 4, -4/46 HPs)
             Began as an Octopode Fighter on Apr 17, 2019.
             Slain by an iguana (8 damage)
             ... on level 3 of the Dungeon.
             The game lasted 00:01:18 (1123 turns).

Redear the Shield-Bearer (Octopode Fighter)         Turns: 1123, Time: 00:01:19

Health: -4/46      AC:  1    Str: 20    XL:     4   Next: 28%
Magic:  4/4        EV: 12    Int: 10    God:
Gold:   71         SH:  9    Dex: 12    Spells: 3/3 levels left

rFire    . . .     SeeInvis .   a - +0 long sword
rCold    . . .     Gourm    .   b - +0 shield
rNeg     . . .     Faith    .   (helmet restricted)
rPois    .         Spirit   .   (no amulet)
rElec    .         Reflect  .   (no ring)
rCorr    .         Harm     .   (no ring)
MR       .....                  (no ring)
Stlth    ..........             (no ring)
HPRegen  0.15/turn              (no ring)
MPRegen  0.09/turn              (no ring)
                                (no ring)
                                (no ring)

@: berserking, very quick
A: almost no armour, stealthy swim, amphibious, 8 rings, constrict 8, camouflage
1, gelatinous body 1
a: no special abilities


You were on level 3 of the Dungeon.
You were hungry.

You visited 1 branch of the dungeon, and saw 3 of its levels.

You collected 71 gold pieces.

Inventory:

Hand Weapons
 a - a +0 long sword (weapon)
Armour
 b - a +0 shield (worn)
Scrolls
 e - a scroll of immolation {unknown}
 h - 3 scrolls of identify {unknown}
 i - a scroll of fear {unknown}
Potions
 c - a potion of might {Str+5 DMG+1d10 | @q3}
 f - a potion of heal wounds {unknown}
 g - a potion of mutation {unknown}
 j - a potion of flight {unknown}
 k - a potion of curing {unknown}
 l - a potion of haste {unknown}
Comestibles
 z - 3 rations


   Skills:
 + Level 3.4 Fighting
 + Level 2.6 Long Blades
 + Level 3.4 Dodging
 + Level 2.2 Stealth
 + Level 3.4 Shields


You had 3 spell levels left.
You didn't know any spells.
Your spell library was empty.

Dungeon Overview and Level Annotations

Branches:
Dungeon (3/15)

Altars:
Elyvilon
Xom


Innate Abilities, Weirdness & Mutations

You cannot wear most types of armour.
You are very stealthy in the water. (Stealth+)
You are amphibious.
You can wear up to eight rings at the same time.
You can use your tentacles to constrict eight enemies at once.
Your skin changes colour to match your surroundings (Stealth+).
Your rubbery body absorbs attacks. (AC +1, EV +1)


Message History

The killer bee zombie is moderately damaged.
You constrict the killer bee zombie.
The killer bee zombie closely misses you.
You riposte.
You slash the killer bee zombie!
The killer bee zombie is almost destroyed.
You block the killer bee zombie's attack.
You slash the killer bee zombie!
You destroy the killer bee zombie!
You have reached level 4!
MP restored: 4 You closely miss the iguana.
Your grab misses the iguana. You squeeze the iguana.
The iguana is moderately wounded.
The iguana bites you but does no damage.
Your shield prevents you from hitting the iguana.
You grab the iguana. You squeeze the iguana.
The iguana is severely wounded.
You constrict the iguana, but do no damage.
The iguana bites you!
You die...

#.########..#.#.# #.#
#..#.#.# ####.# #..#.#.##
#....# #.......####.
....## #............
###.#########..#.#.<###.#
###..................#
....####..###..#l#...#
....## #..###..#@#[..#
.....###.........#...5.
..........(....###.....K
...................####.
...†####..###.###(.#
....####..# #.###..###
..........###.........
............#####..###
##...###..†....##†.#


You could see an iguana.

Vanquished Creatures
  A killer bee zombie (D:3)
  An adder (D:3)
  2 worms
  3 leopard geckos
  An orc (D:3)
  3 bats (D:2)
  A giant cockroach (D:2)
  5 goblins
  A hobgoblin (D:2)
  3 jackals (D:3)
  7 kobolds
  A ball python (D:2)
  2 frilled lizards
  4 rats
35 creatures vanquished.

Notes
Turn   | Place    | Note
-------+----------+-------------------------------------------
     0 | D:1      | Redear the Octopode Fighter began the quest for the Orb.
     0 | D:1      | Reached XP level 1. HP: 16/16 MP: 1/1
   105 | D:1      | You fall through a shaft!
   127 | D:2      | Reached XP level 2. HP: 21/21 MP: 2/2
   158 | D:2      | Reached skill level 1 in Stealth
   367 | D:2      | Found a white marble altar of Elyvilon.
   369 | D:2      | Found a shimmering altar of Xom.
   369 | D:2      | Found a shimmering altar of Xom.
   372 | D:2      | Found a shadowy altar of Dithmenos.
   372 | D:2      | Found a white marble altar of Elyvilon.
   372 | D:2      | Found a burning altar of Makhleb.
   576 | D:2      | Reached XP level 3. HP: 25/26 MP: 3/3
  1009 | D:3      | Reached skill level 2 in Stealth
  1118 | D:3      | HP: 1/26 [killer bee zombie (5)]
  1121 | D:3      | Reached XP level 4. HP: 3/31 MP: 4/4
  1123 | D:3      | Slain by an iguana

Levels and vault maps discovered:
D:1:      dpeg_arrival_stone_temple_mockup, layout_basic,
          minmay_tree_intersection
D:2:      layout_loops_ring, doesnt_xom_only_xom
D:3:      layout_loops_ring, uniq_crazy_yiuf_cottage

Skill      XL: |  1  2  3 |
---------------+----------+-----
Stealth        | 1 2 |  2.2
Fighting       | |  3.4
Long Blades    | |  2.6
Dodging        | |  3.4
Shields        | |  3.4

Action                   |  1- 3 |  4- 6 || total
-------------------------+-------+-------++-------
Melee: Long sword        |    60 |     2 ||    62
       Constrict         |    13 |     1 ||    14
       Tentacles         |     5 |     2 ||     7
  Use: Potion            |     1 |       ||     1
 Stab: Sleeping          |     8 |       ||     8
Armor: Skin              |     7 |     1 ||     8
Dodge: Dodged            |    26 |       ||    26
Block: Shield            |    29 |       ||    29
       Rpst.: Long sword |     7 |       ||     7

Table legend:
 A = Non-vault XP
 B = Vault XP
 C = Vault XP percentage of total XP
 D = Non-vault monster count
 E = Vault monster count
 F = Vault count percentage of total count
                 A         B        C        D         E       F
            +---------+---------+-------+---------+---------+-------
      Total |     106 |       0 |   0.0 |      35 |       0 |   0.0
            +---------+---------+-------+---------+---------+-------
        D:1 |       2 |       0 |   0.0 |       2 |       0 |   0.0
        D:2 |      36 |       0 |   0.0 |      20 |       0 |   0.0
        D:3 |      68 |       0 |   0.0 |      13 |       0 |   0.0
            +---------+---------+-------+---------+---------+-------
